 Dungeon Crawl Stone Soup version 0.31-a0-182-gc5ef74bbde (webtiles) character file.

Game seed: 8187471640223140780

128 qw the Chopper (level 5, 0/32 HPs)
             Began as a Gargoyle Fighter on June 20, 2023.
             Slain by a gnoll
             ... wielding a +0 flail
              (6 damage)
             ... on level 3 of the Dungeon.
             The game lasted 00:01:09 (1894 turns).

qw the Chopper (Gargoyle Fighter)                   Turns: 1894, Time: 00:01:09

Health: 0/32       AC: 10    Str: 21      XL:     5   Next: 12%
Magic:  5/5        EV:  9    Int:  9      God:
Gold:   70         SH:  4    Dex:  7 (9)  Spells: 4/4 levels left

rFire   . . .        Y - +2 war axe
rCold   . . .        c - +0 buckler
rNeg    + . .        b - +0 scale mail
rPois   inf          (no helmet)
rElec   +            (no cloak)
rCorr   .            (no gloves)
SInv    .            (no boots)
Will    .....        m - amulet of the acrobat Stlth
                     (no ring)
HPRegen 0.25/turn    (no ring)
MPRegen 0.09/turn

%: acrobat
@: no status effects
A: sickness immunity, AC +4, negative energy resistance 1, electricity
resistance, torment resistance 1, petrification resistance
a: no special abilities


You were on level 3 of the Dungeon.
You visited 1 branch of the dungeon, and saw 3 of its levels.

You collected 70 gold pieces.


Innate Abilities, Weirdness & Mutations

You are immune to sickness and miasma.
Your stone body is resilient. (AC +4)
You are immune to poison.
You resist negative energy. (rN+)
You are resistant to electric shocks. (rElec)
You are resistant to unholy torment.
You are immune to petrification.


   Skills:
 - Level 3.2 Fighting
 + Level 4.7 Axes
 - Level 3.2 Armour
 - Level 3.2 Shields


You had 4 spell levels left.
You didn't know any spells.
Your spell library was empty.

Inventory:

Hand Weapons
 e - a +0 flail
 Y - a +2 war axe (weapon)
Armour
 b - a +0 scale mail (worn)
 c - a +0 buckler (worn)
 h - a +0 pair of boots
Jewellery
 m - an amulet of the acrobat (around neck)
Scrolls
 a - a scroll of enchant armour
 f - 3 scrolls of identify
Potions
 d - 2 potions of might
 g - a potion of curing

Dungeon Overview and Level Annotations

Branches:
Dungeon (3/15)

Altars:

Shops:
D:1 (   D:2 =


Message History

Enter note: The gnoll closely misses you.
Enter note:
Enter note:
Enter note:
Enter note:
Enter note:
Enter note:
Enter note:
Enter note:
Enter note:
Enter note:
Enter note:
Enter note: You barely miss the gnoll.
You closely miss the gnoll. The gnoll hits you with a +0 spear.
The gnoll hits you with a +0 flail.
The gnoll hits you from afar with a +2 spear of venom.
You slash the gnoll!
You kill the gnoll!
You hit the gnoll.
The gnoll hits you from afar with a +2 spear of venom.
The gnoll hits you with a +0 flail.
The gnoll hits you but does no damage. x2
You feel your intelligence returning.
You hit the gnoll.
The gnoll is heavily wounded.
The gnoll closely misses you. The gnoll barely misses you.
You closely miss the gnoll.
The gnoll is heavily wounded.
The gnoll hits you but does no damage. x2
You hit the gnoll.
The gnoll is severely wounded.
The gnoll hits you but does no damage. The gnoll barely misses you.
The gnoll hits you with a +0 flail. You block the gnoll's attack.
You closely miss the gnoll.
The gnoll is severely wounded.
The gnoll closely misses you. The gnoll hits you with a +0 flail.
You hit the gnoll.
The gnoll is severely wounded.
You block the gnoll's attack. The gnoll hits you with a +0 flail.
You die...

..........#. ...........
.. ..........# ...
..........+ .... ....
.......... ..... ....
.........# ..... ....
.....g)g.####..... ###..
.......@......#... ....
....##...)........ ###..
.. #............ .....
..... #.............#+#..
..... #..................
.....##............#.....
...................#.....
...................#.....
.............>...........


You could see 2 gnolls.

Vanquished Creatures
  5 gnolls (D:3)
  A worm (D:2)
  3 dart slugs (D:1)
  5 orcs (D:3)
  4 ball pythons
  5 bats
  4 endoplasms
  A giant cockroach (D:2)
  8 goblins
  9 hobgoblins
  2 jackals (D:1)
  4 kobolds
  2 quokkas
  5 frilled lizards
  7 rats
65 creatures vanquished.

Notes
Turn   | Place    | Note
-------+----------+-------------------------------------------
     0 | D:1      | qw the Gargoyle Fighter began the quest for the Orb.
     0 | D:1      | Reached XP level 1. HP: 14/14 MP: 1/1
     0 | D:1      | 0 ||| qw: Version: 0.3-a-9-g12657ce
     0 | D:1      | 0 ||| qw: Game counter: 1480
     0 | D:1      | 0 ||| qw: Always use a shield: true
     0 | D:1      | 0 ||| qw: God list: Okawaru
     0 | D:1      | 0 ||| qw: Allow faded altars: false
     0 | D:1      | 0 ||| qw: Do Orc after D:15 true
     0 | D:1      | 0 ||| qw: Do second Lair branch before Depths: true
     0 | D:1      | 0 ||| qw: Lair rune preference: random
     0 | D:1      | 0 ||| qw: Plans: Normal, Zot:1-4, Slime:5, God:TSO, Crypt,
                  | Tomb, Abyss, Pan, Hells, Win
     0 | D:1      | 0 ||| PLANNING D:1-11
    64 | D:1      | Reached skill level 2 in Axes
   105 | D:1      | 105 ||| Stepping ~*~*~tactically~*~*~ (stealth).
   111 | D:1      | Reached XP level 2. HP: 19/19 MP: 2/2
   271 | D:1      | 271 ||| Stepping ~*~*~tactically~*~*~ (hiding).
   306 | D:1      | Reached skill level 3 in Axes
   340 | D:1      | Found Ynataco's Weapon Boutique.
   358 | D:1      | 358 ||| SHOPLISTING +0 heavy mace (74 gold, have 24).
   358 | D:1      | 358 ||| SHOPLISTING +0 morningstar (40 gold, have 24).
   358 | D:1      | 358 ||| SHOPLISTING +0 whip (25 gold, have 24).
   358 | D:1      | 358 ||| SHOPLISTING +1 flail of protection (112 gold, have
                  | 24).
   385 | D:1      | Reached XP level 3. HP: 22/23 MP: 3/3
   385 | D:1      | 385 ||| Stepping ~*~*~tactically~*~*~ (hiding).
   847 | D:1      | 847 ||| UPGRADING to amulet of the acrobat.
   852 | D:1      | 852 ||| READING 2 scrolls labelled DOX QA GIOZXI.
   853 | D:1      | 853 ||| READING 2 scrolls labelled QOIR BEUPN.
   854 | D:1      | 854 ||| READING scroll labelled LOCO FUNICLAAMM.
   855 | D:1      | 855 ||| READING scroll labelled XESUSUL MOTZYE.
   856 | D:1      | 856 ||| READING scroll labelled CADGHA YROLEIGG.
   857 | D:1      | 857 ||| READING scroll labelled CYNWEU VEJY.
   874 | D:1      | 874 ||| DRINKING 2 viscous cyan potions.
   875 | D:1      | 875 ||| DROPPING potion of degeneration.
   993 | D:2      | 993 ||| Stepping ~*~*~tactically~*~*~ (stealth).
   994 | D:2      | 994 ||| Stepping ~*~*~tactically~*~*~ (stealth).
  1022 | D:2      | 1022 ||| READING scroll of enchant weapon.
  1022 | D:2      | 1022 ||| ENCHANTING +1 war axe.
  1043 | D:2      | 1043 ||| Stepping ~*~*~tactically~*~*~ (stealth).
  1052 | D:2      | 1052 ||| Stepping ~*~*~tactically~*~*~ (stealth).
  1208 | D:2      | 1208 ||| Stepping ~*~*~tactically~*~*~ (stealth).
  1215 | D:2      | Reached XP level 4. HP: 28/28 MP: 4/4
  1459 | D:2      | Found Jilat's Jewellery Boutique.
  1465 | D:2      | 1465 ||| SHOPLISTING +4 ring of protection (360 gold, have
                  | 63).
  1465 | D:2      | 1465 ||| SHOPLISTING +6 ring of strength (360 gold, have
                  | 63).
  1465 | D:2      | 1465 ||| SHOPLISTING amulet of faith (400 gold, have 63).
  1465 | D:2      | 1465 ||| SHOPLISTING ring of ice (250 gold, have 63).
  1465 | D:2      | 1465 ||| SHOPLISTING ring of see invisible (150 gold, have
                  | 63).
  1546 | D:2      | 1546 ||| Stepping ~*~*~tactically~*~*~ (stealth).
  1603 | D:2      | 1603 ||| DRINKING 2 coppery potions.
  1604 | D:2      | 1604 ||| READING 2 scrolls of identify.
  1604 | D:2      | 1604 ||| IDENTIFYING bubbling grey potion
  1605 | D:2      | 1605 ||| DROPPING potion of invisibility.
  1627 | D:3      | Reached skill level 4 in Axes
  1684 | D:3      | 1684 ||| DROPPING +0 club.
  1886 | D:3      | Reached XP level 5. HP: 29/32 MP: 5/5
  1892 | D:3      | HP: 8/32 [gnoll/+0 flail (4)]
  1894 | D:3      | Slain by a gnoll

Levels and vault maps discovered:
D:1:      heliophobic_arrival_ceremonial_halls, layout_rooms, serial_shops,
          nicolae_shop_window_shopping, roderic_st_hans_cross,
          minmay_close_crescents
D:2:      layout_basic, serial_shops, shop, minmay_pentomino_pile
D:3:      layout_basic, gammafunk_ghost_smash, grunt_ministairs_9

Skill      XL: |  1  2  3  4 |
---------------+-------------+-----
Axes           | 2 3 4 |  4.7
Fighting       | |  3.2
Armour         | |  3.2
Shields        | |  3.2

Action                     |  1- 3 |  4- 6 || total
---------------------------+-------+-------++-------
  Melee: War axe           |   125 |    45 ||   170
    Use: Scroll            |     7 |     1 ||     8
         Potion            |     1 |     1 ||     2
 Armour: Scale mail        |    66 |    24 ||    90
  Dodge: Dodged            |    47 |    29 ||    76
  Block: Buckler           |    27 |     6 ||    33

Table legend:
 A = Non-vault XP
 B = Vault XP
 C = Vault XP percentage of total XP
 D = Non-vault monster count
 E = Vault monster count
 F = Vault count percentage of total count
                 A         B        C        D         E       F
            +---------+---------+-------+---------+---------+-------
      Total |     170 |      14 |   7.6 |      56 |       9 |  13.8
            +---------+---------+-------+---------+---------+-------
        D:1 |      55 |       5 |   8.3 |      29 |       4 |  12.1
        D:2 |      22 |       8 |  26.7 |      12 |       4 |  25.0
        D:3 |      93 |       1 |   1.1 |      15 |       1 |   6.2
            +---------+---------+-------+---------+---------+-------
